AoeStats
← Nahgas0723

Arena

505105739Analyzed
1v1 RM · 25d ago on Sep 7, 2026· 30m 13s· 2 players
Game mode
Random Map
Map size
Tiny (2 player)
Population
200
Speed
Normal
Resources
Standard
Victory
Conquest
Starting age
Dark Age
Ending age
Imperial Age
RankedLock teamsTeams togetherTeam positionsShared explorationLock speedFull tech treeHidden civsTurbo modeCheats
Victory
Defeat
🇺🇸 Teutons · United States
600
+17
🇦🇷 Sicilians · Argentina
622
-27
Ligmaainus
11:09 Feudal Age
16:41 Castle Age
16:49 Double-Bit Axe
18:33 Wheelbarrow
19:07 Bow Saw
28:32 Fletching
29:48 Scale Mail Armor
Nahgas0723
4:15 Loom
10:36 Feudal Age
13:45 Wheelbarrow
12:32 Man-at-Arms
16:07 Double-Bit Axe
21:10 Arson
21:30 Scale Mail Armor
22:20 Town Watch
23:39 Fletching
26:47 Castle Age
25:11 Horse Collar
29:16 Long Swordsman
Connection lost

Rejoining the realm…

Still unreachable

The connection could not be restored.

Session expired

The server has moved on; the page needs a fresh start.